Map: Blackpink LE

Players

chizhik

  • Race: Zerg Zerg
  • League: Diamond
  • Spawn Location: 7:00

Dessa - Winner!

  • Race: Zerg Zerg
  • League: Diamond
  • Spawn Location: 1:00

VOD

Have the link to the VOD?

Description

Time

  • Played on: Jan. 15, 2018, 4:40 p.m.
  • Length: 19:32
Show
View Real Time Build Order
Export as new Build Order

chizhik Zerg 

Build Orders: Hatch First 

Get SALT Encoding   

  12  0:01  Drone  
  13  0:14  Overlord  
  13  0:17  Drone  
  14  0:34  Drone x2  
  16  0:37  Drone  
  17  0:55  Hatchery  
  17  0:56  Drone  
  17  1:00  Drone  
  18  1:14  Spawning Pool  
  18  1:17  Extractor  
  16  1:18  Drone  
  16  1:22  Drone  
  18  1:31  Drone  
  19  1:41  Overlord  
  19  2:01  Queen  
  19  2:04  Zergling x4  
  19  2:06  Queen  
  19  2:08  Zergling x2  
  26  2:14  Drone  
  27  2:21  Metabolic Boost  
  27  2:24  Drone x2  
  29  2:31  Drone  
  29  2:36  Spine Crawler  
  29  2:40  Zergling x4  
  31  2:47  Drone  
  31  2:51  Overlord  
  32  3:10  Evolution Chamber  
  31  3:16  Drone  
  31  3:17  Drone x8  
  40  3:27  Roach Warren  
  39  3:36  Extractor  
  38  3:48  Lair  
  38  3:51  Drone  
  38  3:52  Drone x5  
  44  3:58  Extractor  
  44  3:59  Extractor  
  42  4:08  Drone x2  
  42  4:09  Overlord  
  44  4:28  Hatchery  
  43  4:33  Drone x3  
  43  4:35  Drone x4  
  50  4:38  Overlord  
  50  4:39  Zergling x4  
  50  4:44  Evolution Chamber  
  51  4:52  Spire  
  50  4:54  Drone  
  50  4:55  Drone  
  52  5:02  Drone x2  
  54  5:09  Overlord x2  
  54  5:26  Overlord x3  
  54  5:36  Hatchery  
  53  5:49  Queen  
  55  5:50  Drone  
  55  5:56  Drone  
  57  5:59  Overlord  
  57  6:05  Mutalisk  
  57  6:06  Mutalisk x7  
  73  6:25  Drone x3  
  70  6:36  Mutalisk  
  70  6:37  Mutalisk x2  
  68  6:47  Spine Crawler  
  68  6:51  Overlord  
  67  7:02  Mutalisk  
  69  7:08  Mutalisk  
  69  7:09  Mutalisk x2  
  75  7:23  Mutalisk  
  71  7:45  Mutalisk  
  71  7:46  Mutalisk x2  
  59  8:16  Mutalisk  
  59  8:17  Mutalisk x2  
  63  8:33  Drone  
  63  8:34  Drone x10  
  63  8:36  Glial Reconstitution  
  72  8:46  Mutalisk x2  
  76  8:54  Mutalisk  
  78  9:15  Mutalisk x3  
  84  9:19  Drone  
  84  9:20  Drone x2, Extractor  
  84  9:21  Extractor  
  85  9:34  Mutalisk  
  85  9:35  Mutalisk  
  89  9:43  Zerg Flyer Weapons Level 1  
  89  9:46  Queen  
  89  9:48  Drone x2  
  89  9:52  Mutalisk  
  95  10:07  Spine Crawler  
  95  10:08  Spine Crawler  
  95  10:09  Spine Crawler  
  95  10:10  Spine Crawler  
  95  10:13  Spine Crawler  
  90  10:20  Spine Crawler x2, Overlord x2  
  90  10:21  Spine Crawler, Overlord x2  
  88  10:22  Spine Crawler x2  
  88  10:23  Spine Crawler x2  
  88  10:24  Drone x7  
  90  10:34  Overlord x2  
  90  10:48  Mutalisk  
  90  10:49  Mutalisk x7  
  106  11:15  Infestation Pit  
  106  11:18  Hatchery  
  104  11:24  Drone x2  
  106  11:29  Spine Crawler  
  106  11:31  Queen  
  107  11:37  Zerg Flyer Armor Level 1  
  105  11:52  Hive  
  105  11:57  Mutalisk  
  105  11:58  Mutalisk x7  
  121  12:08  Pneumatized Carapace  
  121  12:12  Drone x3  
  65  12:49  Mutalisk x5  
  76  12:53  Extractor  
  76  12:56  Extractor  
  66  12:59  Mutalisk  
  66  13:00  Mutalisk x2  
  66  13:32  Greater Spire  
  66  13:40  Drone  
  66  13:41  Drone x2  
  69  13:42  Overlord x3  
  69  13:54  Drone  
  69  13:55  Drone x5  
  75  14:05  Corruptor x2  
  79  14:11  Drone x3  
  79  14:12  Drone  
  83  14:22  Spine Crawler  
  82  14:26  Spine Crawler x2  
  80  14:37  Drone  
  80  14:38  Drone x8  
  86  14:43  Corruptor  
  86  14:44  Corruptor x4  
  96  14:51  Brood Lord x2  
  96  14:52  Overlord  
  100  15:08  Corruptor  
  100  15:09  Corruptor x3  
  108  15:25  Corruptor  
  108  15:26  Corruptor x2  
  86  15:45  Brood Lord  
  86  15:48  Hatchery, Brood Lord  
  89  15:58  Brood Lord  
  91  16:05  Brood Lord  
  93  16:28  Brood Lord  
  97  16:52  Brood Lord x2  
  97  16:53  Brood Lord  
  87  17:07  Brood Lord  
  89  17:11  Queen  
  89  17:12  Drone x2  
  89  17:15  Drone x4  
  94  17:16  Drone x8  
  105  17:25  Brood Lord  
  107  17:34  Extractor x2  
  105  17:39  Overseer x3  
  77  18:12  Corruptor x6  
  71  18:19  Corruptor  
  77  18:45  Brood Lord  
  73  19:01  Corruptor  
  56  19:14  Hatchery  
Show
View Real Time Build Order
Export as new Build Order

Dessa Zerg - Winner!

Build Orders: Pool First 

Get SALT Encoding   

  12  0:01  Drone  
  13  0:12  Overlord  
  13  0:17  Drone  
  14  0:31  Drone x2  
  14  0:34  Drone  
  17  0:41  Extractor  
  16  0:45  Drone  
  17  0:52  Spawning Pool  
  17  0:56  Drone  
  17  1:20  Hatchery  
  17  1:23  Drone  
  17  1:27  Drone  
  18  1:35  Overlord  
  18  1:46  Queen  
  20  1:51  Zergling x2  
  21  1:57  Metabolic Boost  
  21  2:01  Drone  
  22  2:07  Drone  
  23  2:24  Queen  
  23  2:29  Drone  
  26  2:33  Queen  
  26  2:34  Drone  
  26  2:36  Drone  
  30  2:41  Drone  
  31  2:50  Drone  
  32  2:52  Overlord  
  32  2:57  Drone  
  33  3:03  Drone  
  33  3:05  Zergling x4  
  36  3:10  Baneling Nest  
  35  3:18  Zergling x8  
  39  3:25  Zergling x2  
  40  3:50  Drone x3  
  40  3:52  Overlord  
  40  3:54  Overlord  
  43  4:05  Lair  
  43  4:09  Baneling x3, Extractor  
  42  4:10  Baneling, Extractor, Drone  
  42  4:11  Drone x3  
  42  4:12  Drone x2  
  42  4:16  Overlord  
  47  4:27  Drone x3  
  47  4:28  Drone  
  51  4:37  Roach Warren  
  50  4:39  Drone x3, Evolution Chamber  
  50  4:40  Evolution Chamber  
  51  5:02  Hatchery  
  49  5:09  Pneumatized Carapace  
  49  5:11  Overlord  
  49  5:12  Overlord  
  49  5:16  Zerg Missile Weapons Level 1  
  49  5:17  Zerg Ground Armor Level 1  
  49  5:18  Glial Reconstitution  
  49  5:19  Roach  
  51  5:30  Roach x3  
  51  5:34  Drone  
  51  5:35  Drone  
  59  5:36  Drone  
  59  5:37  Drone  
  59  5:38  Drone  
  62  5:48  Overlord  
  62  5:55  Drone  
  62  5:56  Hydralisk Den  
  62  5:57  Drone  
  62  5:59  Extractor  
  62  6:00  Drone x2  
  62  6:01  Drone x2  
  62  6:02  Roach  
  68  6:18  Drone x4  
  70  6:19  Roach  
  70  6:20  Roach, Overlord  
  70  6:22  Roach  
  70  6:23  Roach  
  79  6:33  Roach x5  
  88  6:42  Queen  
  90  6:50  Roach x2  
  90  6:51  Drone, Roach  
  97  7:01  Spore Crawler  
  97  7:03  Spore Crawler x2  
  97  7:05  Drone x3, Spore Crawler x2  
  88  7:09  Hydralisk x3  
  88  7:13  Muscular Augments  
  91  7:28  Hydralisk x2  
  91  7:29  Hydralisk x2  
  95  7:33  Queen  
  95  7:41  Hydralisk x2  
  95  7:55  Hydralisk  
  95  7:56  Hydralisk x2  
  89  8:05  Hydralisk x2  
  89  8:06  Hydralisk  
  89  8:08  Queen  
  93  8:18  Spore Crawler  
  92  8:21  Spore Crawler  
  92  8:31  Queen  
  94  8:36  Hydralisk x2  
  98  8:49  Overlord  
  98  8:52  Overlord  
  98  9:17  Drone x4  
  98  9:18  Queen  
  98  9:19  Drone x2  
  106  9:27  Overlord  
  106  9:34  Zerg Ground Armor Level 2, Zerg Missile Weapons Level 2  
  106  9:36  Overlord x2  
  106  10:04  Drone x3  
  106  10:05  Drone x3, Spore Crawler x2  
  106  10:06  Drone x2  
  112  10:07  Drone  
  112  10:09  Drone  
  112  10:13  Hydralisk x2  
  112  10:14  Roach, Hydralisk  
  118  10:15  Overlord  
  118  10:20  Overlord  
  122  10:43  Extractor x2  
  120  10:54  Hydralisk x3  
  120  10:55  Hydralisk x2  
  130  11:15  Overlord x2  
  130  11:27  Overlord x2  
  130  11:53  Hydralisk x7  
  130  11:54  Hydralisk  
  146  12:14  Drone  
  146  12:15  Drone x2  
  149  12:16  Roach  
  149  12:17  Roach  
  149  12:18  Hatchery  
  143  12:32  Roach, Hydralisk x2  
  143  12:33  Roach x3, Hydralisk x5  
  148  12:41  Hydralisk x3  
  141  12:52  Roach, Hydralisk x3  
  141  12:53  Roach x2  
  145  13:08  Drone x3  
  145  13:09  Drone  
  145  13:10  Drone, Infestation Pit  
  147  13:30  Queen  
  149  13:39  Drone x3  
  149  13:40  Overlord x2  
  152  13:47  Overlord x2  
  152  14:01  Extractor  
  151  14:03  Extractor  
  151  14:06  Infestor x2  
  151  14:07  Infestor x5  
  150  14:48  Drone x3  
  150  14:49  Drone x3  
  156  14:59  Roach x6  
  170  15:00  Roach  
  170  15:05  Hive  
  168  15:36  Spore Crawler  
  168  15:37  Drone, Spore Crawler x2  
  168  15:38  Drone, Queen  
  169  15:47  Roach x6  
  171  16:33  Spire  
  146  17:02  Hydralisk x2  
  146  17:03  Hydralisk, Infestor x2  
  156  17:08  Hydralisk x2  
  156  17:09  Overlord  
  156  17:10  Overlord  
  156  17:13  Hatchery  
  156  17:15  Extractor  
  158  17:17  Extractor  
  135  17:59  Hydralisk x4  
  135  18:00  Hydralisk x5  
  141  18:08  Hydralisk x5  
  141  18:09  Hydralisk x2  
  153  18:22  Hydralisk x5  
  153  18:23  Corruptor x9  
  181  18:28  Queen  
  183  18:39  Queen  
Tags
 
Matchup
ZvZ
Race
Zerg
Replay Pack
2017S4
Spawn Locations
Cross Positions
Add a new tag
Caveats
  • Supply blocks, unpowered buildings, or Contaminate may cause inaccurate times.
  • Supply counts are checked every 10 seconds.